 Dungeon Crawl Stone Soup version 0.21.0-3-g78d12a8 (webtiles) character file.

11478 Monsterracer the Grappler (level 11, -6/95 (97) HPs)
             Began as a Ghoul Venom Mage on Jan 13, 2018.
             Was a Priest of Wu Jian.
             Mangled by a death yak (18 damage)
             ... on level 9 of the Dungeon.
             The game lasted 00:26:31 (14909 turns).

Monsterracer the Grappler (Ghoul Venom Mage)       Turns: 14909, Time: 00:26:32

HP:   -6/95 (97)    AC: 11    Str: 16    XL:     11   Next: 78%
MP:   12/12         EV: 20    Int: 10    God:    Wu Jian [***...]
Gold: 548           SH:  5    Dex: 14    Spells: 13/13 levels left

rFire    + + .     SeeInvis .     - Unarmed
rCold    + . .     Gourm    .   n - +0 buckler
rNeg     + + +     Faith    .   d - +2 ring mail {rF+}
rPois    ∞         Spirit   .   (no helmet)
rElec    .         Reflect  .   b - +2 cloak
rCorr    .         Harm     .   (no gloves)
MR       .....                  (no boots)
Stlth    +.........             (no amulet)
HPRegen  0.00/turn              r - ring of protection from fire {!d}
MPRegen  0.13/turn              s - ring of loudness (curse)

@: agile, rotting
A: rotting body, claws 1, carnivore, cold resistance 1, negative energy
resistance 3, inhibited regeneration, torment resistance, unbreathing
a: Wall Jump, Serpent's Lash, Renounce Religion


You were on level 9 of the Dungeon.
You worshipped Wu Jian.
Wu Jian was most pleased with you.
You were not hungry.

You visited 3 branches of the dungeon, and saw 11 of its levels.

You collected 548 gold pieces.

Inventory:

Missiles
 x - a throwing net (quivered)
Armour
 b - a +2 cloak (worn)
 d - a +2 ring mail of fire resistance (worn)
 j - a +0 chain mail
 n - a +0 buckler (worn)
 p - a +0 plate armour
Jewellery
 r - a ring of protection from fire (left claw) {!d}
 s - a cursed ring of loudness (right claw)
Wands
 e - a wand of flame (62)
 q - a wand of enslavement (11)
 y - a wand of iceblast (12)
Scrolls
 i - 4 scrolls of remove curse
 k - 5 scrolls of identify
 m - 2 scrolls of teleportation
 o - 2 scrolls of enchant armour
 u - a scroll of fog
Potions
 a - 3 potions of heal wounds
 f - 2 potions of ambrosia {!q}
 g - 4 potions of flight
 h - 4 potions of curing
 l - a potion of haste
 t - a potion of agility
 w - a potion of cancellation
Comestibles
 c - 18 rations


   Skills:
 + Level 9.2 Fighting
 + Level 5.4 Armour
 + Level 8.0 Dodging
 - Level 2.1 Stealth
 - Level 4.9 Shields
 * Level 13.3 Unarmed Combat
 - Level 1.7 Spellcasting
   Level 0.7 Conjurations
   Level 3.0 Poison Magic


You had 13 spell levels left.
You didn't know any spells.

Dungeon Overview and Level Annotations

Branches:
Dungeon (9/15)             Temple (1/1) D:5            Lair (1/6) D:9
    Orc: D:9-12

Altars:
Ashenzari
Cheibriados
Dithmenos
Elyvilon
Fedhas
Gozag
Hepliaklqana
Makhleb
Nemelex Xobeh
Okawaru
Qazlal
Ru
Sif Muna
Trog
Uskayaw
Vehumet
Wu Jian
Xom
Yredelemnul
Zin
The Shining One

Annotations:
D:7 Qupu's ghost, novice MiBe
D:8 exclusion: ice statue, crawlian's ghost, novice DEFE


Innate Abilities, Weirdness & Mutations

Your body is rotting away.
You thrive on raw meat.
You are immune to poison.
You have sharp fingernails.
You are carnivorous and can eat meat at any time.
Your flesh is cold resistant. (rC+)
You are immune to negative energy. (rN+++)
You do not regenerate when monsters are visible.
You are immune to unholy pain and torment.
You can survive without breathing.


Message History

The death yak is moderately wounded.
You claw the death yak!
The death yak is heavily wounded.
The death yak barely misses you.
You spin and attack the death yak.
You scratch the death yak but do no damage.
The death yak is heavily wounded.
The death yak gores you.
A death yak comes into view.
You take 2 damage, and have 95/97 hp.
You spin and attack the death yak.
You claw the death yak!
The death yak is heavily wounded.
The death yak gores you but does no damage.
You spin and attack the death yak.
Your ring mail prevents you from hitting the death yak.
The death yak is heavily wounded.
The death yak closely misses you.
You spin and attack the death yak.
A death yak comes into view.
The death yak bellows!
You scratch the death yak.
The death yak is heavily wounded.
A death yak comes into view.
You block the death yak's attack.
You spin and attack the death yak.
You scratch the death yak but do no damage.
The death yak is heavily wounded.
The death yak closely misses you.
You spin and attack the death yak.
You claw the death yak!
The death yak is severely wounded.
The death yak gores you!! The death yak gores you!
You take 28 damage, and have 67/97 hp.
MASSIVE DAMAGE!!
You spin and attack the death yak repeatedly.
You scratch the death yak.
The death yak is severely wounded.
You barely miss the death yak.
The death yak is severely wounded.
You block the death yak's attack.
You spin and attack the death yak.
You scratch the death yak.
The death yak is lightly wounded.
The death yak gores you but does no damage.
You repeatedly attack the death yak from above.
You scratch the death yak but do no damage.
The death yak is heavily wounded.
You claw the death yak!
The death yak is severely wounded.
You scratch the death yak.
The death yak is severely wounded.
You repeatedly attack the death yak from above.
You scratch the death yak.
The death yak is lightly wounded.
You claw the death yak!
The death yak is lightly wounded.
You barely miss the death yak.
The death yak is lightly wounded.
The death yak misses you. The death yak gores you! The death yak gores you.
The death yak barely misses you.
You take 9 damage, and have 58/97 hp.
You spin and attack the death yak.
You claw the death yak!
The death yak is moderately wounded.
The death yak barely misses you.
All of the chunks of flesh in your inventory have rotted away.
You lunge at the death yak.
You claw the death yak!
The death yak is lightly wounded.
The death yak gores you!!
* * * LOW HITPOINT WARNING * * *
You take 22 damage, and have 42/97 hp.
MASSIVE DAMAGE!!
You spin and attack the death yak repeatedly.
You claw the death yak!
The death yak is moderately wounded.
You claw the death yak!
The death yak is moderately wounded.
The death yak gores you!!
* * * LOW HITPOINT WARNING * * *
You take 21 damage, and have 21/97 hp.
MASSIVE DAMAGE!!
You feel your flesh rotting away.
The death yak snorts and paws the ground.
You feel your flesh rotting away.
There is a staircase back to the Dungeon here.
The death yak gores you!
* * * LOW HITPOINT WARNING * * *
You climb upwards.
Welcome back to the Dungeon!
There is a staircase to the Lair here.
Unknown command.
Unknown command.
You take 9 damage, and have 12/95 hp.
Unknown command.
You feel agile all of a sudden. The death yak misses you.
You spin and attack the death yak repeatedly.
You completely miss the death yak. You claw the death yak!
The death yak is lightly wounded.
The death yak misses you.
You spin and attack the death yak repeatedly.
Your ring mail prevents you from hitting the death yak.
The death yak is lightly wounded.
You completely miss the death yak.
The death yak is lightly wounded.
The death yak gores you!!
You die...

##'######## #.
#......# ##.
######'#### #..
##......# ##)#
###.......# #..)
###.....##### #...
##..P......#######...
#P.PPP......##...+.<.
#PP.@PPPP....+.###...
#PPP.YPPP.....## #...
#PP.>...PPPP.## #...


#PP..PPPPPPP## #### ##PPPPPPPPP## ########### You could see a death yak
(pinned).

Vanquished Creatures
  A two-headed ogre (D:9)
  Pikel (D:9)
  The ghost of zhorgal the Spear-Bearer, a novice MfGl of Fedhas (D:6)
  An ugly thing (D:9)
  Joseph (D:8)
  A black mamba (Lair:1)
  A komodo dragon (D:9)
  2 spiny frogs (Lair:1)
  5 blink frogs (Lair:1)
  Sigmund (D:2)
  A wyvern (D:9)
  3 hogs (D:8)
  13 yaks
  A human (D:8)
  A hungry ghost (D:8)
  Menkaure (D:5)
  A water moccasin (Lair:1)
  Duvessa (D:5)
  A black bear (D:8)
  2 porcupines (Lair:1)
  3 ice beasts
  3 orc warriors
  3 phantoms
  3 sky beasts
  3 ogres
  3 centaurs
  A big kobold (D:6)
  6 bullfrogs
  A wyvern skeleton (D:8)
  Dowan (D:5)
  A scorpion (D:8)
  6 killer bees (D:6)
  3 howler monkeys
  A crimson imp (D:5)
  A bullfrog zombie (D:5)
  2 centaur zombies
  A centaur skeleton (D:7)
  3 hounds
  7 orc priests
  An iguana (D:9)
  5 worker ants
  8 orc wizards
  A hound skeleton (D:5)
  A howler monkey zombie (D:8)
  11 adders
  8 gnolls
  A howler monkey skeleton (D:5)
  A shadow imp (D:6)
  An ufetubus (D:8)
  An ooze (D:4)
  4 worms
  2 dart slugs (D:1)
  3 leopard geckos
  26 orcs
  7 bats
  4 giant cockroaches
  9 goblins
  2 hobgoblins
  6 jackals
  19 kobolds
  3 quokkas
  2 ball pythons
  A ball python skeleton (D:5)
  3 frilled lizards
  9 rats
  A plant (D:9)
232 creatures vanquished.

Vanquished Creatures (others)
  3 slaves (D:9)
  2 plants (D:9)
5 creatures vanquished.

Grand Total: 237 creatures vanquished

Notes
Turn   | Place    | Note
-------+----------+-------------------------------------------
     0 | D:1      | Monsterracer the Ghoul Venom Mage began the quest for the Orb.
     0 | D:1      | Reached XP level 1. HP: 14/14 MP: 2/2
    61 | D:1      | Reached skill level 1 in Unarmed Combat
    97 | D:1      | HP: 7/14 [dart slug/slug dart (2)]
    99 | D:1      | HP: 2/14 [dart slug/slug dart (5)]
   409 | D:1      | Reached XP level 2. HP: 20/20 MP: 0/3
   473 | D:1      | Reached skill level 2 in Unarmed Combat
   995 | D:1      | Reached XP level 3. HP: 25/26 MP: 4/4
  1281 | D:2      | Noticed Sigmund
  1344 | D:2      | Reached skill level 3 in Unarmed Combat
  1518 | D:2      | HP: 11/26 [worm (8)]
  1538 | D:2      | HP: 11/26 [kobold/whip (3)]
  1545 | D:2      | HP: 7/26 [hobgoblin/trident (7)]
  1774 | D:2      | HP: 11/26 [adder (3)]
  2176 | D:2      | Reached XP level 4. HP: 28/33 MP: 5/5
  2285 | D:2      | HP: 15/33 [something/puff of flame (12)]
  2353 | D:2      | HP: 13/33 [Sigmund/puff of flame (9)]
  2553 | D:3      | Reached skill level 4 in Unarmed Combat
  2709 | D:3      | HP: 13/32 [gnoll/club (4)]
  2720 | D:3      | HP: 4/32 [gnoll/spear (9)]
  2732 | D:4      | HP: 13/33 [adder (4)]
  2977 | D:4      | Found a sacrificial altar of Ru.
  3068 | D:4      | Noticed a phantom
  3107 | D:5      | Entered Level 5 of the Dungeon
  3161 | D:5      | Noticed an ice beast
  3180 | D:5      | Killed an ice beast
  3180 | D:5      | Reached skill level 1 in Fighting
  3180 | D:5      | Reached skill level 1 in Shields
  3180 | D:5      | Reached XP level 5. HP: 22/40 MP: 6/6
  3192 | D:5      | Noticed Dowan
  3193 | D:5      | Noticed Duvessa
  3197 | D:5      | HP: 18/40 [Duvessa/short sword (5)]
  3200 | D:5      | HP: 8/40 [Duvessa/short sword (6)]
  3201 | D:5      | HP: 1/40 [Duvessa/short sword (7)]
  3218 | D:5      | HP: 3/40 [Duvessa/short sword (3)]
  3219 | D:5      | HP: 1/40 [Duvessa/short sword (1)]
  3221 | D:5      | Reached skill level 5 in Fighting
  3221 | D:5      | Reached skill level 5 in Dodging
  3221 | D:5      | Reached skill level 9 in Unarmed Combat
  3221 | D:5      | Reached XP level 6. HP: 2/57 MP: 7/7
  3226 | D:5      | HP: 23/57 [Duvessa/short sword (5)]
  3234 | D:5      | HP: 5/57 [Duvessa/short sword (7)]
  3872 | D:4      | Killed a phantom
  3872 | D:4      | Reached XP level 7. HP: 60/61 MP: 8/8
  5051 | D:3      | Reached skill level 10 in Unarmed Combat
  5156 | D:2      | Killed Sigmund
  5156 | D:2      | Reached XP level 8. HP: 68/71 MP: 9/9
  5538 | D:5      | Reached skill level 1 in Armour
  5838 | D:5      | Killed Duvessa
  5844 | D:5      | Killed Dowan
  6038 | D:5      | Noticed Menkaure
  6061 | D:5      | Killed Menkaure
  6211 | D:5      | Found a staircase to the Ecumenical Temple.
  6228 | Temple   | Entered the Ecumenical Temple
  6416 | Temple   | Became a worshipper of the Wu Jian Council
  6786 | D:6      | Reached XP level 9. HP: 70/78 MP: 10/10
  6991 | D:6      | Noticed zhorgal's ghost (novice MfGl)
  7187 | D:6      | Found a shadowy altar of Dithmenos.
  7329 | D:6      | Found a stormy altar of Qazlal.
  7601 | D:7      | Noticed Qupu's ghost (novice MiBe)
  7769 | D:7      | HP: 32/79 [Qupu's ghost (12)]
  7770 | D:7      | HP: 9/79 [Qupu's ghost (23)]
  8112 | D:6      | Killed zhorgal's ghost
  8112 | D:6      | Reached skill level 11 in Unarmed Combat
  8324 | D:6      | Reached * piety under Wu Jian
  8456 | D:6      | Reached XP level 10. HP: 66/86 MP: 11/11
  8722 | D:7      | Found a shattered altar of Ashenzari.
  8781 | D:7      | HP: 36/86 [Qupu's ghost (16)]
  9142 | D:8      | Noticed an ice statue
  9630 | D:8      | Noticed Joseph
  9645 | D:8      | Killed Joseph
 10272 | D:8      | HP: 37/88 [ice devil (11)]
 10747 | D:8      | Found a deep blue altar of Sif Muna.
 10749 | D:8      | Found a glowing golden altar of the Shining One.
 10751 | D:8      | Noticed crawlian's ghost (novice DEFE)
 10751 | D:8      | Found a shimmering altar of Xom.
 10770 | D:8      | HP: 31/85 [orc warrior/battleaxe (19)]
 10782 | D:8      | HP: 21/85 [orc warrior/stone (4)]
 10787 | D:9      | HP: 16/85 [orc priest/short sword (5)]
 10793 | D:9      | HP: 1/85 [orc priest/divine providence (14)]
 11090 | D:8      | Reached ** piety under Wu Jian
 11282 | D:8      | Reached skill level 12 in Unarmed Combat
 11938 | D:9      | Noticed a two-headed ogre
 11958 | D:9      | Killed a two-headed ogre
 12138 | D:9      | Found a sparkling altar of Nemelex Xobeh.
 12166 | D:9      | Noticed a two-headed ogre
 12172 | D:9      | HP: 34/88 [two-headed ogre/dire flail (24)]
 12173 | D:9      | HP: 16/88 [two-headed ogre/dire flail (15)]
 12511 | D:9      | Noticed a green ugly thing
 12523 | D:9      | Killed a green ugly thing
 12523 | D:9      | Reached XP level 11. HP: 91/95 MP: 12/12
 12644 | D:9      | Noticed Pikel
 12659 | D:9      | Killed Pikel
 12670 | D:9      | HP: 47/95 [yak (8)]
 13247 | D:9      | Found a staircase to the Lair.
 13295 | D:9      | HP: 41/95 [komodo dragon (27)]
 13512 | Lair:1   | Entered Level 1 of the Lair of Beasts
 13610 | Lair:1   | HP: 36/95 [blink frog (13)]
 13624 | Lair:1   | Reached skill level 5 in Armour
 13626 | Lair:1   | HP: 45/95 [blink frog (2)]
 13633 | Lair:1   | HP: 25/95 [blink frog (13)]
 13635 | Lair:1   | HP: 12/95 [blink frog (7)]
 13974 | Lair:1   | Reached *** piety under Wu Jian
 13974 | Lair:1   | Reached skill level 13 in Unarmed Combat
 14061 | Lair:1   | HP: 33/97 [spiny frog (17)]
 14343 | Lair:1   | HP: 45/97 [yak (11)]
 14714 | Lair:1   | Noticed a death yak
 14725 | Lair:1   | Noticed a death yak
 14727 | Lair:1   | Noticed a death yak
 14727 | Lair:1   | Noticed a death yak
 14861 | Lair:1   | HP: 42/97 [death yak (22)]
 14905 | Lair:1   | HP: 12/95 [death yak (9)]
 14909 | D:9      | Mangled by a death yak

Skill      XL: |  1  2  3  4  5  6  7  8  9 10 11 |
---------------+----------------------------------+-----
Unarmed Combat | 1 2 3 4 9 10 11 12 13 | 13.3
Fighting       | 1 5 6 7 8 9 |  9.2
Dodging        | 2 5 6 7 8 |  8.0
Shields        | 1 4 |  4.9
Armour         | 1 3 4 5 |  5.4
Stealth        | |  2.1
Spellcasting   | |  1.7
Conjurations   | |  0.7
Poison Magic   | |  3.0

Action                   |  1- 3 |  4- 6 |  7- 9 | 10-12 || total
-------------------------+-------+-------+-------+-------++-------
Melee: Unarmed           |   155 |   110 |   361 |   481 ||  1107
       Punch             |       |     1 |       |       ||     1
Throw: Throwing net      |       |       |       |     1 ||     1
 Cast: Sting             |     3 |       |       |       ||     3
Invok: Lunge             |       |       |    10 |    15 ||    25
       Whirlwind         |       |       |     9 |    60 ||    69
       Wall Jump         |       |       |       |     6 ||     6
  Use: Scroll            |       |     8 |     7 |     3 ||    18
       Potion            |       |     8 |       |     2 ||    10
 Stab: Sleeping          |     1 |       |     1 |       ||     2
  Eat: Chunk             |     8 |     3 |    19 |    32 ||    62
Armor: Robe              |    14 |       |       |       ||    14
       Ring mail         |    61 |    38 |    98 |    94 ||   291
       Scale mail        |       |       |     5 |       ||     5
Dodge: Dodged            |    99 |    50 |   182 |   240 ||   571
Block: Buckler           |       |     6 |    63 |    72 ||   141

Vault maps used:
D:1:      minmay_arrival_diagonal_passages, hangedman_decor_opposing,
          due_unseen_surprise
D:2:      kennysheep_six_static_rooms, uniq_sigmund
D:4:      nicolae_ru_sacrificial_ziggurat
D:5:      minmay_diamond_boxcup, minmay_temple_entry_poolview,
          nicolae_ossuary_entry_false_entrances, first_ration,
          hangedman_abyss_or_decor_stagger, uniq_menkaure, uniq_duvessa
D:6:      nicolae_overflow_crystal_walls, serial_curves, eino_curves_04,
          eino_curves_01, grunt_qazlal_clouds
D:7:      lemuel_round_altar, ashenzari_altar_1
D:8:      cheibrodos_frozen_isle, grunt_temple_overflow_open, grunt_livestock,
          uniq_joseph
D:9:      nemelex_xobeh_ov_fountains_minmay, david_lair_shrubbed, uniq_pikel
Temple:   eino_narrow_crystal_temple
